AoeStats
← Navix de los Bosques de Lituania

Arabia

509247118Analyzed
3v3 RM · 5d ago on Sep 26, 2026· 52m 46s· 6 players
Game mode
Random Map
Map size
Normal (6 player)
Population
200
Speed
Normal
Resources
Standard
Victory
Conquest
Starting age
Dark Age
Ending age
Imperial Age
RankedLock teamsTeams togetherTeam positionsShared explorationLock speedFull tech treeHidden civsTurbo modeCheats
Victory
Defeat
🇨🇴 Slavs · Colombia
798
+14
781
+15
🇦🇺 Mongols · Australia
743
+17
🇺🇸 Sicilians · United States
820
-18
🇺🇸 Persians · United States
799
-17
🇺🇸 Goths · United States
658
-11
Navix de los Bosques de Lituania
6:15 Loom
12:18 Feudal Age
12:19 Man-at-Arms
12:44 Arson
13:06 Long Swordsman
14:59 Scale Mail Armor
15:09 Forging
23:06 Double-Bit Axe
26:30 Castle Age
27:56 Chain Mail Armor
27:07 Two-Handed Swordsman
30:36 Wheelbarrow
30:17 Gold Mining
30:39 Bow Saw
32:28 Hand Cart
31:57 Horse Collar
34:04 Heavy Plow
34:44 Gold Shaft Mining
35:23 Fervor
38:38 Iron Casting
40:34 Gambesons
40:49 Squires
43:35 Imperial Age
42:48 Padded Archer Armor
42:38 Fletching
42:14 Elite Skirmisher
44:08 Ballistics
44:20 Pikeman
48:25 Bodkin Arrow
48:45 Leather Archer Armor
49:12 Plate Mail Armor
49:55 Blast Furnace
50:22 Coinage
49:59 Caravan
52:07 Chemistry
Derzer
11:49 Feudal Age
16:03 Wheelbarrow
15:17 Man-at-Arms
18:38 Double-Bit Axe
26:32 Castle Age
25:56 Gold Mining
26:03 Stone Mining
27:28 Bow Saw
27:00 Horse Collar
28:49 Caravan
31:04 Hand Cart
31:45 Husbandry
32:08 Detinets
32:21 Scale Barding Armor
32:30 Bloodlines
34:35 Chain Barding Armor
34:03 Town Watch
36:58 Town Patrol
40:09 Loom
42:56 Imperial Age
41:15 Forging
43:08 Elite Boyar
45:13 Coinage
46:51 Plate Barding Armor
49:28 Iron Casting
49:16 Conscription
49:32 Hoardings
THENEYK
6:27 Loom
11:29 Feudal Age
13:42 Double-Bit Axe
14:21 Bloodlines
25:47 Castle Age
27:48 Wheelbarrow
38:29 Imperial Age
41:46 Parthian Tactics
45:05 Drill
48:23 Hand Cart
47:34 Light Cavalry
48:17 Husbandry
48:28 Scale Barding Armor
48:42 Hussar
48:53 Hussar
henry j.waternoose
11:45 Feudal Age
19:30 Fletching
19:53 Forging
19:44 Scale Mail Armor
21:09 Town Watch
21:12 Loom
25:07 Castle Age
23:23 Horse Collar
25:16 Fletching
26:25 Bodkin Arrow
30:03 Double-Bit Axe
30:45 Town Watch
32:20 Heavy Plow
33:46 Bow Saw
37:18 Wheelbarrow
36:29 Town Watch
36:30 Loom
40:13 Imperial Age
40:20 Imperial Age
40:32 Iron Casting
40:12 Chain Mail Armor
39:59 Padded Archer Armor
42:34 Hand Cart
43:12 Gold Mining
43:13 Stone Mining
44:39 Plate Mail Armor
46:11 Elite Skirmisher
47:42 Gold Shaft Mining
47:32 Conscription
47:43 Bracer
48:48 Blast Furnace
48:53 Padded Archer Armor
48:54 Bracer
52:21 Ballistics
53:02 Chemistry
52:10 Scale Barding Armor
52:24 Leather Archer Armor
52:11 Town Patrol
52:48 Crop Rotation
Sweet Lady
1:21 Loom
14:05 Feudal Age
16:05 Man-at-Arms
26:38 Horse Collar
32:08 Stone Mining
32:10 Gold Mining
38:11 Castle Age
39:26 Castle Age
38:52 Scale Mail Armor
40:45 Pikeman
41:26 Squires
42:18 Man-at-Arms
47:54 Wheelbarrow
Hazardus Chemikals
7:35 Loom
9:45 Feudal Age
10:49 Double-Bit Axe
10:47 Horse Collar
17:57 Wheelbarrow
18:43 Town Watch
19:12 Fletching
23:39 Castle Age
22:23 Stone Mining
24:48 Gold Mining
29:43 Bow Saw
31:38 Forging
34:33 Herbal Medicine
36:38 Gold Shaft Mining
40:12 Imperial Age
40:22 Hand Cart
39:55 Elite Skirmisher
40:53 Pikeman
41:34 Squires
41:32 Bodkin Arrow
42:23 Conscription
42:40 Hoardings
44:59 Bloodlines
44:49 Husbandry
46:05 Heavy Plow
Connection lost

Rejoining the realm…

Still unreachable

The connection could not be restored.

Session expired

The server has moved on; the page needs a fresh start.